| TOP OF THE 1ST |
|
Americus Braves batting - Pitching for Victoria Capitals : RHP Bill Van Buskirk
|
|
Pitching: RHP Bill Van Buskirk
|
|
|
Batting: RHB Ryan Cole
|
0-0: Ball 1-0: Foul Ball, location: 2F 1-1: Ball 2-1: Called Strike 2-2: Foul Ball, location: 2F 2-2: Ball 3-2: Base on Balls
|
|
Batting: SHB Chris Morrison
|
0-0: Ball 1-0: Fly out, F8 (Flyball, 8RD, EV 102.5 MPH)
|
|
Batting: RHB Scott Hansen
|
0-0: Fielders Choice at 2nd, 6-4 (Groundball, 6, EV 87.5 MPH)
|
|
Batting: LHB Garret Mathis
|
0-0: Fielders Choice at 2nd, U4 (Groundball, 4M, EV 108.1 MPH)
|
| Top of the 1st over - 0 runs, 0 hits, 0 errors, 1 left on base; Americus 0 - Victoria 0 |
| BOTTOM OF THE 1ST |
|
Victoria Capitals batting - Pitching for Americus Braves : RHP Matt McGarrity
|
|
Pitching: RHP Matt McGarrity
|
|
|
Batting: RHB Mike Reynolds
|
0-0: Called Strike 0-1: Foul Ball, location: 2F 0-2: Ball 1-2: Ball 2-2: Strikes out swinging
|
|
Batting: RHB Caleb Dean
|
0-0: Ball 1-0: Swinging Strike 1-1: Ball 2-1: Called Strike 2-2: Ball 3-2: Foul Ball, location: 2F 3-2: Foul Ball, location: 2F 3-2: Base on Balls
|
|
Batting: RHB Nick Ellis
|
0-0: Called Strike 0-1: Ball Caleb Dean steals 2nd base 1-1: Foul Ball, location: 2F 1-2: Foul Ball, location: 2F 1-2: Ground out 4-3 (Groundball, 4, EV 85.6 MPH) Caleb Dean to third
|
|
Batting: LHB Willard Balcome
|
0-0: Ball 1-0: Ground out 4-3 (Groundball, 4, EV 85.6 MPH)
|
| Bottom of the 1st over - 0 runs, 0 hits, 0 errors, 1 left on base; Americus 0 - Victoria 0 |
| TOP OF THE 2ND |
|
Americus Braves batting - Pitching for Victoria Capitals : RHP Bill Van Buskirk
|
|
Batting: RHB Josh Maxwell
|
0-0: Called Strike 0-1: Ball 1-1: Called Strike 1-2: Foul Ball, location: 2F 1-2: Ball 2-2: Strikes out swinging
|
|
Batting: RHB Jose Florez
|
0-0: Ball 1-0: SINGLE (Line Drive, 6MD, EV 94.4 MPH)
|
|
Batting: SHB Vladimir Guerrero III
|
0-0: Foul Ball, location: 2F 0-1: Foul Ball, location: 2F 0-2: Ball 1-2: Ball 2-2: 2-RUN HOME RUN (Flyball, 7D, EV 91.2 MPH), Distance : 353 ft
|
|
Batting: RHB Travis Mendoza
|
0-0: Ball 1-0: Fly out, F7 (Line Drive, 7LM, EV 95.6 MPH)
|
|
Batting: LHB Pappy Sterile
|
0-0: Ball 1-0: Swinging Strike 1-1: Fly out, F7 (Flyball, 7LM, EV 95.6 MPH)
|
| Top of the 2nd over - 2 runs, 2 hits, 0 errors, 0 left on base; Americus 2 - Victoria 0 |
| BOTTOM OF THE 2ND |
|
Victoria Capitals batting - Pitching for Americus Braves : RHP Matt McGarrity
|
|
Batting: LHB Rick Harrison
|
0-0: Foul Ball, location: 2F 0-1: Ball 1-1: Foul Ball, location: 2F 1-2: Foul Ball, location: 2F 1-2: Ball 2-2: Fly out, F7 (Flyball, 78M, EV 86.2 MPH)
|
|
Batting: RHB Josh Rentz
|
0-0: Ball 1-0: SINGLE (Groundball, 34D, EV 109.4 MPH)
|
|
Batting: LHB Jason Cary
|
0-0: Called Strike Josh Rentz is caught stealing 2nd base 2-6 0-1: Hit by Pitch
|
|
Batting: RHB Hyeon-cheong Lee
|
0-0: Called Strike 0-1: Fly out, F8 (Flyball, 89D, EV 104.4 MPH)
|
| Bottom of the 2nd over - 0 runs, 1 hit, 0 errors, 1 left on base; Americus 2 - Victoria 0 |
| TOP OF THE 3RD |
|
Americus Braves batting - Pitching for Victoria Capitals : RHP Bill Van Buskirk
|
|
Batting: RHB Ryan Cole
|
0-0: Called Strike 0-1: Called Strike 0-2: Foul Ball, location: 2F 0-2: Foul Ball, location: 2F 0-2: Ball 1-2: Ball 2-2: Fly out, F7 (Line Drive, 7, EV 92.5 MPH)
|
|
Batting: SHB Chris Morrison
|
0-0: Foul Ball, location: 2F 0-1: Foul Ball, location: 2F 0-2: Ball 1-2: Ball 2-2: Ball 3-2: Ground out 4-3 (Groundball, 4, EV 101.9 MPH)
|
|
Batting: RHB Scott Hansen
|
0-0: Reached on error, E7 (Flyball, 7S, EV 87.5 MPH)
|
|
Batting: LHB Garret Mathis
|
0-0: Called Strike 0-1: Swinging Strike 0-2: Foul Ball, location: 2F 0-2: Ball 1-2: Ground out 4-3 (Groundball, 4, EV 91.9 MPH)
|
| Top of the 3rd over - 0 runs, 0 hits, 1 error, 1 left on base; Americus 2 - Victoria 0 |
| BOTTOM OF THE 3RD |
|
Victoria Capitals batting - Pitching for Americus Braves : RHP Matt McGarrity
|
|
Batting: LHB Mike Jones
|
0-0: Ball 1-0: Ball 2-0: Ball 3-0: Called Strike 3-1: Called Strike 3-2: Base on Balls
|
|
Batting: RHB Mike Reynolds
|
0-0: Foul Ball, location: 2F 0-1: Ball 1-1: Ball 2-1: Fly out, F8 (Flyball, 8LS, EV 71.2 MPH)
|
|
Batting: RHB Caleb Dean
|
0-0: Ball 1-0: Ball 2-0: Foul Ball, location: 2F 2-1: Ball 3-1: Fly out, F9 (Flyball, 9LS, EV 91.9 MPH)
|
|
Batting: RHB Nick Ellis
|
0-0: Ball 1-0: Ball 2-0: Called Strike 2-1: Ball 3-1: Foul Ball, location: 2F 3-2: Base on Balls Mike Jones to second
|
|
Batting: LHB Willard Balcome
|
0-0: Called Strike 0-1: Ball 1-1: Ground out 4-3 (Groundball, 4, EV 84.4 MPH)
|
| Bottom of the 3rd over - 0 runs, 0 hits, 0 errors, 2 left on base; Americus 2 - Victoria 0 |
| TOP OF THE 4TH |
|
Americus Braves batting - Pitching for Victoria Capitals : RHP Bill Van Buskirk
|
|
Batting: RHB Josh Maxwell
|
0-0: Ball 1-0: Called Strike 1-1: Foul Ball, location: 2F 1-2: Foul Ball, location: 2F 1-2: Ball 2-2: Ball 3-2: Strikes out swinging
|
|
Batting: RHB Jose Florez
|
0-0: Ball 1-0: Bunt for hit to 2R - play at first, batter OUT! 2-3
|
|
Batting: SHB Vladimir Guerrero III
|
0-0: Foul Ball, location: 2F 0-1: Fly out, F8 (Flyball, 8RXD, EV 91.2 MPH)
|
| Top of the 4th over - 0 runs, 0 hits, 0 errors, 0 left on base; Americus 2 - Victoria 0 |
| BOTTOM OF THE 4TH |
|
Victoria Capitals batting - Pitching for Americus Braves : RHP Matt McGarrity
|
|
Batting: LHB Rick Harrison
|
0-0: Ball 1-0: Ball 2-0: SINGLE (Groundball, 4MD, EV 98.8 MPH)
|
|
Batting: RHB Josh Rentz
|
0-0: Ball 1-0: Called Strike Rick Harrison steals 2nd base 1-1: Called Strike 1-2: Ball 2-2: Fly out, F9 (Line Drive, 9, EV 93.1 MPH)
|
|
Batting: LHB Jason Cary
|
0-0: Called Strike 0-1: Ball 1-1: Ball 2-1: Ball 3-1: Foul Ball, location: 2F 3-2: Foul Ball, location: 2F 3-2: Base on Balls
|
|
Batting: RHB Hyeon-cheong Lee
|
0-0: Ball 1-0: Called Strike 1-1: Ball 2-1: 3-RUN HOME RUN (Flyball, 78XD, EV 97.5 MPH), Distance : 389 ft
|
|
Batting: LHB Mike Jones
|
0-0: Ball 1-0: Foul Ball, location: 2F 1-1: Swinging Strike 1-2: Ground out 3-1 (Groundball, 34S, EV 69.4 MPH)
|
|
Batting: RHB Mike Reynolds
|
0-0: Ball 1-0: Ball 2-0: Foul Ball, location: 2F 2-1: Swinging Strike 2-2: Ball 3-2: Foul Ball, location: 2F 3-2: Strikes out looking
|
| Bottom of the 4th over - 3 runs, 2 hits, 0 errors, 0 left on base; Americus 2 - Victoria 3 |
| TOP OF THE 5TH |
|
Americus Braves batting - Pitching for Victoria Capitals : RHP Bill Van Buskirk
|
|
Batting: RHB Travis Mendoza
|
0-0: Ball 1-0: Ground out 4-3 (Groundball, 4, EV 83.8 MPH)
|
|
Batting: LHB Pappy Sterile
|
0-0: Called Strike 0-1: Swinging Strike 0-2: Ball 1-2: Strikes out looking
|
|
Batting: RHB Ryan Cole
|
0-0: Swinging Strike 0-1: Foul Ball, location: 2F 0-2: Strikes out swinging
|
| Top of the 5th over - 0 runs, 0 hits, 0 errors, 0 left on base; Americus 2 - Victoria 3 |
| BOTTOM OF THE 5TH |
|
Victoria Capitals batting - Pitching for Americus Braves : RHP Matt McGarrity
|
|
Batting: RHB Caleb Dean
|
0-0: Ball 1-0: Swinging Strike 1-1: Ball 2-1: SINGLE (Groundball, 6MD, EV 94.4 MPH)
|
|
Batting: RHB Nick Ellis
|
0-0: Swinging Strike 0-1: Ball 1-1: Ball Caleb Dean steals 2nd base 2-1: Foul Ball, location: 2F 2-2: Strikes out looking
|
|
Batting: LHB Willard Balcome
|
0-0: Ground out 6-3 (Groundball, 4MS, EV 88.8 MPH) Caleb Dean to third
|
|
Batting: LHB Rick Harrison
|
0-0: Called Strike 0-1: Called Strike 0-2: Hit by Pitch
|
|
Batting: RHB Josh Rentz
|
0-0: Ball 1-0: Ball 2-0: Called Strike 2-1: Ball 3-1: Called Strike 3-2: Base on Balls Rick Harrison to second
|
|
Pitching: RHP John Collins
|
|
|
Batting: LHB Jason Cary
|
0-0: Called Strike 0-1: Called Strike 0-2: Foul Ball, location: 2F 0-2: Foul Ball, location: 2F 0-2: Fly out, F9 (Flyball, 9, EV 83.8 MPH)
|
| Bottom of the 5th over - 0 runs, 1 hit, 0 errors, 3 left on base; Americus 2 - Victoria 3 |
| TOP OF THE 6TH |
|
Americus Braves batting - Pitching for Victoria Capitals : RHP Bill Van Buskirk
|
|
Batting: SHB Chris Morrison
|
0-0: Swinging Strike 0-1: SINGLE (Groundball, 56D, EV 99.4 MPH)
|
|
Batting: RHB Scott Hansen
|
0-0: Ball Chris Morrison steals 2nd base 1-0: Ball 2-0: Called Strike 2-1: Ball 3-1: Called Strike 3-2: SINGLE (Line Drive, 89S, EV 107.5 MPH) Chris Morrison to third
|
|
Pitching: RHP Andy Schmidt
|
|
|
Batting: LHB Garret Mathis
|
0-0: Ball 1-0: Called Strike 1-1: Called Strike 1-2: Ball 2-2: Ball 3-2: SINGLE (Line Drive, 9S, EV 101.2 MPH) Chris Morrison scores Scott Hansen to second Runner from 2nd tries for 3rd, SAFE, throw by RF made to third
|
|
Batting: RHB Josh Maxwell
|
0-0: Swinging Strike 0-1: Ball 1-1: Ball 2-1: Swinging Strike 2-2: Strikes out swinging
|
|
Batting: RHB Jose Florez
|
0-0: Called Strike 0-1: Foul Ball, location: 2F 0-2: Ball 1-2: Foul Ball, location: 2F 1-2: Foul Ball, location: 2F 1-2: Strikes out looking
|
|
Batting: SHB Vladimir Guerrero III
|
0-0: Foul Ball, location: 2F 0-1: Ball 1-1: Ground out 4-3 (Groundball, 34S, EV 71.9 MPH)
|
| Top of the 6th over - 1 run, 3 hits, 0 errors, 2 left on base; Americus 3 - Victoria 3 |
| BOTTOM OF THE 6TH |
|
Victoria Capitals batting - Pitching for Americus Braves : RHP John Collins
|
|
Pitching: RHP Jose Ortega
|
|
|
Pinch Hitting: LHB Yen-ti Zhu
|
0-0: Ball 1-0: Called Strike 1-1: Ball 2-1: Ball 3-1: Foul Ball, location: 2F 3-2: Foul Ball, location: 2F 3-2: Base on Balls
|
|
Batting: LHB Mike Jones
|
0-0: Fly out, F7 (Flyball, 78M, EV 79.4 MPH)
|
|
Pinch Hitting: RHB Ron Mack
|
0-0: Ball 1-0: Called Strike 1-1: Called Strike 1-2: Ball 2-2: Ball 3-2: 2-RUN HOME RUN (Flyball, 78XD, EV 100.6 MPH), Distance : 374 ft
|
|
Batting: RHB Caleb Dean
|
0-0: Called Strike 0-1: Ball 1-1: Ball 2-1: Foul Ball, location: 2F 2-2: Ball 3-2: SINGLE (Groundball, 56S, EV 70.0 MPH) (infield hit)
|
|
Batting: RHB Nick Ellis
|
0-0: Ball 1-0: Foul Ball, location: 2F 1-1: Swinging Strike 1-2: Strikes out swinging
|
|
Batting: LHB Willard Balcome
|
0-0: Called Strike 0-1: Foul Ball, location: 2F 0-2: Ball 1-2: Strikes out looking
|
| Bottom of the 6th over - 2 runs, 2 hits, 0 errors, 1 left on base; Americus 3 - Victoria 5 |
| TOP OF THE 7TH |
|
Americus Braves batting - Pitching for Victoria Capitals : RHP Andy Schmidt
|
|
Now at 1B: Kevin Harris
|
|
|
Now at 2B: Ray Wathey
|
|
|
Now at SS: Rich Roberts
|
|
|
Now in CF: Antonio Arechiga
|
|
|
Batting: RHB Travis Mendoza
|
0-0: Foul Ball, location: 2F 0-1: Swinging Strike 0-2: Fly out, F8 (Flyball, 8RD, EV 93.8 MPH)
|
|
Batting: LHB Pappy Sterile
|
0-0: Swinging Strike 0-1: Ball 1-1: Called Strike 1-2: Ground out 5-3 (Groundball, 56S, EV 67.5 MPH)
|
|
Pitching: RHP Fernando Aguirre
|
|
|
Batting: RHB Ryan Cole
|
0-0: Foul Ball, location: 2F 0-1: Foul Ball, location: 2F 0-2: Ball 1-2: SINGLE (Groundball, 56D, EV 94.4 MPH)
|
|
Batting: SHB Chris Morrison
|
0-0: Called Strike 0-1: Called Strike 0-2: Ball 1-2: Strikes out swinging
|
| Top of the 7th over - 0 runs, 1 hit, 0 errors, 1 left on base; Americus 3 - Victoria 5 |
| BOTTOM OF THE 7TH |
|
Victoria Capitals batting - Pitching for Americus Braves : RHP Jose Ortega
|
|
Batting: LHB Rick Harrison
|
0-0: Ball 1-0: Ball 2-0: Ball 3-0: Base on Balls
|
|
Batting: RHB Josh Rentz
|
0-0: Ball 1-0: Ball 2-0: Called Strike 2-1: Called Strike 2-2: Fly out, F9 (Flyball, 9S, EV 86.9 MPH)
|
|
Pitching: RHP Ben Hughes
|
|
|
Batting: LHB Jason Cary
|
0-0: Foul Ball, location: 2F 0-1: Swinging Strike 0-2: Foul Ball, location: 2F 0-2: DOUBLE (Line Drive, 9LM, EV 106.2 MPH) Rick Harrison to third Runner from 3rd tries for Home, SAFE, throw by RF to trailing runner, OUT at third! 9-3-5
|
|
Batting: RHB Antonio Arechiga
|
0-0: Fly out, F1 (Line Drive, P, EV 71.9 MPH)
|
| Bottom of the 7th over - 1 run, 1 hit, 0 errors, 0 left on base; Americus 3 - Victoria 6 |
| TOP OF THE 8TH |
|
Americus Braves batting - Pitching for Victoria Capitals : RHP Fernando Aguirre
|
|
Batting: RHB Scott Hansen
|
0-0: Ground out 4-3 (Groundball, 4, EV 83.1 MPH)
|
|
Pitching: LHP Frank White
|
|
|
Batting: LHB Garret Mathis
|
0-0: DOUBLE (Line Drive, 89M, EV 91.9 MPH)
|
|
Batting: RHB Josh Maxwell
|
0-0: Ball 1-0: Foul Ball, location: 2F 1-1: Ball 2-1: Foul Ball, location: 2F 2-2: Strikes out swinging
|
|
Batting: RHB Jose Florez
|
0-0: Foul Ball, location: 2F 0-1: Ground out 4-3 (Groundball, 4, EV 83.1 MPH)
|
| Top of the 8th over - 0 runs, 1 hit, 0 errors, 1 left on base; Americus 3 - Victoria 6 |
| BOTTOM OF THE 8TH |
|
Victoria Capitals batting - Pitching for Americus Braves : RHP Ben Hughes
|
|
Batting: LHB Mike Jones
|
0-0: Ball 1-0: Ball 2-0: Called Strike 2-1: Fly out, F7 (Flyball, 78S, EV 83.1 MPH)
|
|
Batting: SHB Rich Roberts
|
0-0: Ground out 6-3 (Groundball, 6, EV 93.8 MPH)
|
|
Batting: RHB Ray Wathey
|
0-0: Swinging Strike 0-1: Ball 1-1: Swinging Strike 1-2: Foul Ball, location: 2F 1-2: Ball 2-2: Strikes out swinging
|
| Bottom of the 8th over - 0 runs, 0 hits, 0 errors, 0 left on base; Americus 3 - Victoria 6 |
| TOP OF THE 9TH |
|
Americus Braves batting - Pitching for Victoria Capitals : LHP Frank White
|
|
Pitching: RHP Charlie Bowden
|
|
|
Batting: SHB Vladimir Guerrero III
|
0-0: Ball 1-0: Called Strike 1-1: Ball 2-1: Foul Ball, location: 2F 2-2: Strikes out swinging
|
|
Pinch Hitting: RHB Bill Horne
|
0-0: Foul Ball, location: 2F 0-1: Called Strike 0-2: Ball 1-2: Strikes out swinging
|
|
Pinch Hitting: RHB Chris Foss
|
0-0: Ball 1-0: Foul Ball, location: 2F 1-1: Ball 2-1: Foul Ball, location: 2F 2-2: Foul Ball, location: 2F 2-2: Fly out, F5 (Popup, 5SF, EV 78.1 MPH)
|
| Top of the 9th over - 0 runs, 0 hits, 0 errors, 0 left on base; Americus 3 - Victoria 6 |
|